 Dungeon Sprint DCSS version 0.21.1-1-g345015f (webtiles) character file.

21 Fang the Skirmisher (level 2, -5/30 HPs)
             Began as a Gargoyle Berserker on July 18, 2018.
             Was an Elder of Trog.
             Slain by an orc warrior
             ... wielding a +0 long sword
              (10 damage)
             ... in the Dungeon (Sprint VII: "The Pits").
             The game lasted 00:00:48 (379 turns).

Fang the Skirmisher (Gargoyle Berserker)             Turns: 379, Time: 00:00:50

Health: -5/30      AC:  5    Str: 25    XL:     2   Next: 83%
Magic:  2/2        EV: 12    Int:  7    God:    Trog [****..]
Gold:   0          SH:  0    Dex:  9    Spells: 1/1 levels left

rFire    . . .     SeeInvis .   m - +1 hand axe (chop)
rCold    . . .     Gourm    .   (no shield)
rNeg     + . .     Faith    .   b - +0 animal skin
rPois    ∞         Spirit   .   (no helmet)
rElec    +         Reflect  .   (no cloak)
rCorr    .         Harm     .   (no gloves)
MR       .....     NoTele   +   (no boots)
Stlth    ..........             (no amulet)
HPRegen  0.10/turn              (no ring)
MPRegen  0.08/turn              (no ring)

@: berserking, very quick
A: negative energy resistance 1, electricity resistance, unbreathing,
petrification resistance, rot immunity, AC +2
a: Berserk, Trog's Hand, Brothers in Arms, Burn Spellbooks, Renounce Religion


You were in the Dungeon.
You worshipped Trog.
Trog was greatly pleased with you.
You were not hungry.

You visited 1 branch

Inventory:

Hand Weapons
 m - a +1 hand axe of chopping (weapon)
Armour
 b - a +0 animal skin (worn)
Scrolls
 i - a scroll of blinking
 k - 3 scrolls of remove curse
 l - a scroll of summoning
Potions
 a - 2 potions of invisibility
 d - 6 potions of curing
 e - 6 potions of heal wounds
 f - a potion of haste
 g - 4 potions of magic
 h - 3 potions of berserk rage
Comestibles
 c - 9 rations


   Skills:
 + Level 4.8 Fighting
 + Level 4.2 Axes
 + Level 2.6 Armour
 + Level 2.2 Dodging


You had one spell level left.
You didn't know any spells.

Dungeon Overview and Level Annotations

Branches:
Dungeon (1/1)

Altars:
Cheibriados
Dithmenos
Elyvilon
Fedhas
Gozag
Hepliaklqana
Makhleb
Nemelex Xobeh
Okawaru
Qazlal
Ru
Sif Muna
Trog
Vehumet
Wu Jian
Xom
Yredelemnul
Zin
The Shining One
Beogh
Jiyva
Lugonu


Innate Abilities, Weirdness & Mutations

You are resistant to torment.
Your stone body is resilient. (AC +2)
You are immune to poison.
You resist negative energy. (rN+)
You are resistant to electric shocks. (rElec)
You can survive without breathing.
You are immune to petrification.
You are immune to rotting.


Message History

You are too injured to fight recklessly!
Unknown command.
You are too injured to fight recklessly!
Unknown command.
Unknown command.
You are too injured to fight recklessly!
You completely miss the centaur.
The centaur is moderately wounded.
You hit the water moccasin. The centaur hits you.
* * * LOW HITPOINT WARNING * * *
The water moccasin misses you.
Unknown command.
You closely miss the water moccasin.
The water moccasin is moderately wounded.
You hit the centaur. You closely miss the orc warrior. The centaur hits you.
* * * LOW HITPOINT WARNING * * *
The water moccasin bites you.
* * * LOW HITPOINT WARNING * * *
The orc warrior hits you with a long sword!
You die...

#.#..)((#))#####'#
#.#..####))##.....
#.#..#..#))##.....
#.#..#..#[[##.....
#.##'#†.#'###...<.
#.#..†.....##.....
#.#........##.....
#'###########.....
#@c# ######
#So.....#
##.#.#.## .....
.#.#.# ......# .#
#..+ ## ##


You could see an orc warrior, a water moccasin and a centaur.

Vanquished Creatures
  An adder skeleton (D)
  A leopard gecko (D)
  2 orcs (D)
  A bat skeleton (D)
  A giant cockroach (D)
  2 goblins (D)
  3 kobolds (D)
  A ball python (D)
  2 frilled lizards (D)
14 creatures vanquished.

Notes
Turn   | Place    | Note
-------+----------+-------------------------------------------
     0 | D        | Fang the Gargoyle Berserker began the quest for the Orb.
     0 | D        | Reached XP level 1. HP: 14/14 MP: 1/1
    24 | D        | Found a bloodstained altar of Trog.
    24 | D        | Found a deep blue altar of Sif Muna.
    24 | D        | Found a viscous altar of Jiyva.
    24 | D        | Found a hazy altar of Hepliaklqana.
    24 | D        | Found an opulent altar of Gozag.
    25 | D        | Found a glowing golden altar of the Shining One.
    25 | D        | Found a glowing silver altar of Zin.
    25 | D        | Found a basalt altar of Yredelemnul.
    25 | D        | Found a shimmering altar of Xom.
    25 | D        | Found an ornate altar of the Wu Jian Council.
    25 | D        | Found a sacrificial altar of Ru.
    25 | D        | Found a stormy altar of Qazlal.
    25 | D        | Found an iron altar of Okawaru.
    25 | D        | Found a sparkling altar of Nemelex Xobeh.
    25 | D        | Found a burning altar of Makhleb.
    25 | D        | Found a blossoming altar of Fedhas.
    25 | D        | Found a white marble altar of Elyvilon.
    25 | D        | Found a shadowy altar of Dithmenos.
    25 | D        | Found a snail-covered altar of Cheibriados.
    27 | D        | Found a radiant altar of Vehumet.
    27 | D        | Found a corrupted altar of Lugonu.
    27 | D        | Found a roughly hewn altar of Beogh.
    71 | D        | Reached ** piety under Trog
    87 | D        | Reached XP level 2. HP: 13/20 MP: 2/2
   261 | D        | Reached *** piety under Trog
   369 | D        | Noticed a water moccasin
   370 | D        | Noticed a centaur
   370 | D        | Noticed an orc warrior
   372 | D        | Reached **** piety under Trog
   379 | D        | Slain by an orc warrior

Skill      XL: |  1  2 |
---------------+-------+-----
Axes           | 3 4 |  4.2
Fighting       | 4 |  4.8
Dodging        | 2 |  2.2
Armour         | |  2.6

Action                   || total
-------------------------++-------
Melee: Hand axe          ||    40
Invok: Berserk           ||     1
Armor: Animal skin       ||    12
Dodge: Dodged            ||    26
